 Dungeon Crawl Stone Soup version 0.30-b1-2-g02819fbbbe (webtiles) character file.

Game seed: 204619932229357945

102 Alarkh the Conjurer (level 4, -1/30 HPs)
             Began as a Demonspawn Conjurer on July 4, 2023.
             Killed from afar by an orc wizard (8 damage)
             ... with a puff of flame
             ... on level 3 of the Dungeon.
             The game lasted 00:03:22 (2237 turns).

Alarkh the Conjurer (Demonspawn Conjurer)           Turns: 2237, Time: 00:03:23

Health: -1/30      AC:  2    Str:  7    XL:     4   Next: 50%
Magic:  5/8        EV: 12    Int: 22    God:
Gold:   80         SH:  0    Dex: 11    Spells: 5/8 levels left

rFire   . .          .
                       - Unarmed
rCold   . . .        (no shield)
rNeg    . . .        a - +0 robe
rPois   .            (no helmet)
rElec   .            (no cloak)
rCorr   .            (no gloves)
SInv    .            (no boots)
Will    .....        (no amulet)
Stlth   +            (no ring)
HPRegen 0.25/turn    (no ring)
MPRegen 0.11/turn

%: no passive effects
@: confused
A: claws 1
a: no special abilities


You were on level 3 of the Dungeon.
You visited 1 branch of the dungeon, and saw 3 of its levels.

You collected 80 gold pieces.

Inventory:

Missiles
 n - a throwing net
Armour
 a - a +0 robe (worn)
Scrolls
 c - 2 scrolls of torment {unknown}
 d - a scroll of enchant weapon {unknown}
 i - a scroll of enchant armour {unknown}
 j - 2 scrolls of identify
 k - a scroll of noise {unknown}
 l - a scroll of magic mapping {unknown}
Potions
 b - a potion of magic
 e - a potion of haste
 f - 2 potions of heal wounds
 g - 4 potions of curing
 h - a potion of mutation {unknown}
 m - a potion of berserk rage {unknown}


   Skills:
 - Level 1.7 Dodging
 - Level 1.7 Stealth
 * Level 1.9 Unarmed Combat
 + Level 2.6 Spellcasting
 * Level 5.0 Conjurations


You had 5 spell levels left.
You knew the following spells:

 Your Spells              Type           Power      Damage    Failure   Level
a - Searing Ray           Conj           50%        2d6       2%          2
b - Magic Dart            Conj           100%       1d8       1%          1

Your spell library contained the following spells:

 Spells                   Type           Power      Damage    Failure   Level
 Dazzling Flash           Conj/Hex       28%        N/A       14%         3
 Cigotuvi's Dreadful Rot  Necr/Pois/Air  4%         N/A       21%         2
 Ignite Poison            Fire/Tmut/Pois 2%         N/A       36%         3
 Ozocubu's Armour         Ice            2%         N/A       36%         3
 Fulminant Prism          Conj/Hex       7%         3d7       41%         4
 Iskenderun's Mystic Bla  Conj/Tloc      14%        2d5       41%         4
 Iskenderun's Battlesphe  Conj           25%        2d8       41%         5
 Fireball                 Conj/Fire      7%         3d5       77%         5
 Freezing Cloud           Conj/Ice/Air   5%         6-21      87%         5
 Metabolic Englaciation   Hex/Ice        1%         N/A       98%         5
 Conjure Ball Lightning   Conj/Air       7%         3x3d6     100%        6
 Simulacrum               Ice/Necr       1%         N/A       100%        6
 Orb of Destruction       Conj           12%        9d7       100%        7


Dungeon Overview and Level Annotations

Branches:
Dungeon (3/15)

Altars:


Innate Abilities, Weirdness & Mutations

You have sharp fingernails.


Message History

Your magical contamination has completely faded away.
You feel less confused.
The orc wizard points at you and mumbles some strange words.
The magic dart hits you!
The orc wizard gestures wildly while chanting.
The orc wizard flickers and vanishes!
Something tries to affect you, but you resist.
Something tries to affect you, but you resist.
Okay, then.
Something tries to affect you, but you resist.
You are confused.
You bump into the rock wall.
You are more confused.
The orc wizard points at you and mumbles some strange words.
The puff of flame hits something!
Reactivating autopickup.
You feel a bit more experienced.
You bump into the rock wall.
You bump into the rock wall.
You bump into the rock wall.
The orc wizard casts a spell at you. You resist with some effort.
You bump into the rock wall.
You bump into the rock wall.
The orc wizard gestures at you while chanting.
You are more confused.
The orc wizard gestures at you while chanting.
You resist with some effort.
You're too confused to move!
The orc wizard points at you and mumbles some strange words.
The puff of flame hits you. The orc wizard casts a spell at you.
You are more confused.
The orc wizard points at you and mumbles some strange words.
The puff of flame hits you!
* * * LOW HITPOINT WARNING * * *
You bump into the rock wall.
The orc wizard points at you and mumbles some strange words.
The puff of flame hits you!
You die...

#.# ~ #.# # #)# ##
# #o# #.. #o# #.#
#o# #.# #.# #.###
#.# #.... #@#
#..#. #.# ###..#.
#.##########....#.
#...........<#####
############....#.
####.#. #.#. #...
####


You could see an orc wizard and 2 orcs.

Vanquished Creatures
  2 adders (D:2)
  5 dart slugs
  4 orcs (D:3)
  4 ball pythons
  7 bats
  5 endoplasms
  3 giant cockroaches
  5 goblins
  5 hobgoblins
  3 quokkas
  8 kobolds
  8 rats
59 creatures vanquished.

Vanquished Creatures (others)
  An orc wizard (D:3)
  A fungus (D:2)
2 creatures vanquished.

Grand Total: 61 creatures vanquished

Notes
Turn   | Place    | Note
-------+----------+-------------------------------------------
     0 | D:1      | Alarkh the Demonspawn Conjurer began the quest for the Orb.
     0 | D:1      | Reached XP level 1. HP: 13/13 MP: 3/3
   207 | D:1      | Gained mutation: You have sharp fingernails. [demonic
                  | ancestry]
   207 | D:1      | Reached XP level 2. HP: 19/19 MP: 1/5
   289 | D:1      | Learned a level 2 spell: Searing Ray
   565 | D:1      | Reached XP level 3. HP: 16/24 MP: 0/6
   710 | D:1      | Reached skill level 1 in Unarmed Combat
  1326 | D:2      | Reached XP level 4. HP: 30/30 MP: 4/7
  2061 | D:3      | Reached skill level 5 in Conjurations
  2237 | D:3      | Killed from afar by an orc wizard

Illustrated notes

Levels and vault maps discovered:
D:1:      elethiomel_arrival_diamonds, layout_rooms, minmay_hexomino_u4
D:2:      layout_loops_ring, minmay_misc_feat_roman, minmay_crystal_room,
          chequers_serial_rivers_large_a, dreamdust_mushroom_princess
D:3:      wander_river, layout_loops_ring, mainiacjoe_overflow_surrounded_room,
          nicolae_ru_great_annihilating_truth, kennysheep_jessica_study,
          uniq_ijyb

Skill      XL: |  1  2  3  4 |
---------------+-------------+-----
Unarmed Combat | 1 |  1.9
Conjurations   | 5 |  5.0
Dodging        | |  1.7
Stealth        | |  1.7
Spellcasting   | |  2.6

Action                     |  1- 3 |  4- 6 || total
---------------------------+-------+-------++-------
  Melee: Unarmed           |    34 |       ||    34
         Punch             |     1 |       ||     1
   Cast: Magic Dart        |    19 |     4 ||    23
         Searing Ray       |    27 |    11 ||    38
    Use: Scroll            |     3 |       ||     3
 Armour: Robe              |    12 |       ||    12
  Dodge: Dodged            |    34 |    11 ||    45
